[Event "BL 2024-25"]
[Site "Austria"]
[Date "2024.10.10"]
[Round "2.24"]
[White "Kulon, Klaudia"]
[Black "Hartl, Daniel"]
[Result "1/2-1/2"]
[ECO "C58"]
[WhiteElo "2395"]
[BlackElo "2248"]
[Annotator "RC"]
[PlyCount "97"]
[EventDate "2024.08.28"]
[EventType "team-tourn"]
[EventCountry "AUT"]
[SourceTitle "playchess.com"]
[Source "ChessBase"]
[SourceQuality "1"]
[WhiteTeam "Wien-St Veit"]
[BlackTeam "Maria Saal"]
[TimeControl "40/5400+30:1800+30"]

1. e4 e5 2. Nf3 Nc6 3. Bc4 Nf6 4. Ng5 d5 5. exd5 Na5 6. Bb5+ c6 7. dxc6 bxc6 8. Qf3 Rb8 9. Bd3 Be7 10. Nc3 O-O 11. Bf5 h6 12. Nge4 Nxe4 13. Nxe4 Nc4 14. Bxc8 Qxc8 15. b3 Na3 16. Bxa3 Bxa3 17. O-O f5 18. Nc3 Qc7 19. Rad1 Bd6 20. d3 Rb4 21. Ne2 Rh4 22. g3 Rg4 23. c4 Rg6 24. Kh1 Qd7 25. d4 e4 26. Qe3 Rg4 27. f4 exf3 28. Qxf3 f4 29. gxf4 Bxf4 30. d5 Rh4 31. Nxf4 Rhxf4 32. Qxf4 Rxf4 33. Rxf4 Qd6 34. Rf3 g5 35. Kg2 Qe7 36. Kf2 cxd5 37. cxd5 Qe5 38. Kg1 Qe2 39. Rfd3 Qg4+ 40. Kf1 Qf4+ 41. Ke1 Qe5+ 42. Kd2 Qb2+ 43. Ke3 Qe5+ 44. Kf3 Qf4+ 45. Kg2 Qg4+ 46. Kf1 Qf4+ 47. Ke1 Qe5+ 48. Kd2 Qb2+ 49. Ke3 1/2-1/2

[Event "BL 2024-25"]
[Site "Austria"]
[Date "2024.10.10"]
[Round "2.25"]
[White "Kozak, Adam"]
[Black "Nisipeanu, Liviu-Dieter"]
[Result "1/2-1/2"]
[ECO "E15"]
[WhiteElo "2600"]
[BlackElo "2584"]
[Annotator "RC"]
[PlyCount "48"]
[EventDate "2024.08.28"]
[EventType "team-tourn"]
[EventCountry "AUT"]
[SourceTitle "playchess.com"]
[Source "ChessBase"]
[SourceQuality "1"]
[WhiteTeam "Fuerstenfeld-Hartberg"]
[BlackTeam "Mayrhofen-Zell-Ziller"]
[TimeControl "40/5400+30:1800+30"]

1. d4 Nf6 2. c4 e6 3. Nf3 b6 4. g3 Bb4+ 5. Bd2 Bxd2+ 6. Qxd2 Ba6 7. Qc2 c5 8. Bg2 Nc6 9. dxc5 bxc5 10. O-O O-O 11. Rd1 Qe7 12. Nc3 Rfd8 13. Qa4 Bb7 14. Ne1 d5 15. cxd5 exd5 16. Nxd5 Nxd5 17. Bxd5 Nd4 18. Bxb7 Qxb7 19. e3 Ne2+ 20. Kf1 Nd4 21. Kg1 Ne2+ 22. Kf1 Nd4 23. Kg1 Ne2+ 24. Kf1 Nd4 1/2-1/2

[Event "BL 2024-25"]
[Site "Austria"]
[Date "2024.10.10"]
[Round "2.26"]
[White "Vogel, Roven"]
[Black "Berkes, Ferenc"]
[Result "1-0"]
[ECO "D45"]
[WhiteElo "2559"]
[BlackElo "2604"]
[Annotator "RC"]
[PlyCount "81"]
[EventDate "2024.08.28"]
[EventType "team-tourn"]
[EventCountry "AUT"]
[SourceTitle "playchess.com"]
[Source "ChessBase"]
[SourceQuality "1"]
[WhiteTeam "Mayrhofen-Zell-Ziller"]
[BlackTeam "Fuerstenfeld-Hartberg"]
[TimeControl "40/5400+30:1800+30"]

1. d4 d5 2. c4 c6 3. Nf3 Nf6 4. Nc3 a6 5. e3 e6 6. h3 Nbd7 7. Qc2 h6 8. b3 Bd6 9. Bb2 e5 10. dxe5 Nxe5 11. O-O-O Qe7 12. Nxe5 Bxe5 13. cxd5 cxd5 14. Nxd5 Nxd5 15. Rxd5 Bxb2+ 16. Kxb2 O-O 17. Bd3 Be6 18. Rd4 Rfd8 19. Rd1 Rxd4 20. exd4 a5 21. Bc4 a4 22. Bxe6 a3+ 23. Kb1 Qxe6 24. d5 Qd6 25. Qe4 Rd8 26. Rd3 Qf6 27. Rd2 Qd6 28. Kc2 Qa6 29. Qd3 Qf6 30. d6 Qa1 31. Qc3 Qe1 32. f3 Qe8 33. Kd1 Qb5 34. d7 Qb6 35. b4 Qg1+ 36. Kc2 Qb6 37. Kb3 Qe6+ 38. Kxa3 Kh7 39. Qd3+ g6 40. Kb2 Qe5+ 41. Qd4 1-0

[Event "BL 2024-25"]
[Site "Austria"]
[Date "2024.10.10"]
[Round "2.27"]
[White "Samunenkov, Ihor"]
[Black "Votava, Jan"]
[Result "1/2-1/2"]
[ECO "E17"]
[WhiteElo "2533"]
[BlackElo "2441"]
[Annotator "RC"]
[PlyCount "90"]
[EventDate "2024.08.28"]
[EventType "team-tourn"]
[EventCountry "AUT"]
[SourceTitle "playchess.com"]
[Source "ChessBase"]
[SourceQuality "1"]
[WhiteTeam "Fuerstenfeld-Hartberg"]
[BlackTeam "Mayrhofen-Zell-Ziller"]
[TimeControl "40/5400+30:1800+30"]

1. Nf3 Nf6 2. c4 e6 3. g3 b6 4. Bg2 Bb7 5. O-O Be7 6. Nc3 O-O 7. Re1 d5 8. cxd5 exd5 9. d4 c5 10. Bf4 Nbd7 11. Rc1 Ne4 12. dxc5 Nxc3 13. Rxc3 bxc5 14. h4 a5 15. Rc2 Qb6 16. e4 d4 17. Nd2 a4 18. Bh3 Qd8 19. Bf1 Nb6 20. Bd3 Ba6 21. Qf3 Qc8 22. Rec1 Qe6 23. Bc7 Nd7 24. Nc4 Ra7 25. Bf4 Rb7 26. h5 Rb4 27. Qe2 f6 28. Na5 Bxd3 29. Qxd3 Ra8 30. Nc4 Nb6 31. Qe2 Nxc4 32. Rxc4 Rxc4 33. Qxc4 Kf7 34. Kf1 Ra6 35. Rc2 Rb6 36. Bc1 Rb4 37. Qd5 Qxd5 38. exd5 d3 39. Rc3 d2 40. Bxd2 Rxb2 41. Be3 Rxa2 42. Bxc5 Rd2 43. Bxe7 Kxe7 44. Rc7+ Kd6 45. Ra7 Rxd5 1/2-1/2

[Event "BL 2024-25"]
[Site "Austria"]
[Date "2024.10.10"]
[Round "2.28"]
[White "Maiwald, Jens-Uwe"]
[Black "Korpa, Bence"]
[Result "0-1"]
[ECO "C02"]
[WhiteElo "2429"]
[BlackElo "2550"]
[Annotator "RC"]
[PlyCount "88"]
[EventDate "2024.08.28"]
[EventType "team-tourn"]
[EventCountry "AUT"]
[SourceTitle "playchess.com"]
[Source "ChessBase"]
[SourceQuality "1"]
[WhiteTeam "Mayrhofen-Zell-Ziller"]
[BlackTeam "Fuerstenfeld-Hartberg"]
[TimeControl "40/5400+30:1800+30"]

1. e4 e6 2. d4 d5 3. e5 c5 4. c3 Nc6 5. Nf3 Qb6 6. a3 c4 7. Be2 Na5 8. Nbd2 Bd7 9. h4 Ne7 10. h5 h6 11. Rb1 O-O-O 12. Nf1 Nec6 13. Bf4 Be7 14. Ne3 Nb3 15. Bg3 Qc7 16. O-O b5 17. Nd2 Nxd2 18. Qxd2 Qb6 19. b3 cxb3 20. Rxb3 Na5 21. Rbb1 Bc6 22. a4 a6 23. axb5 axb5 24. Rb2 Rd7 25. Rfb1 Rb7 26. Bd3 Kd7 27. c4 dxc4 28. d5 exd5 29. Nxd5 Qc5 30. Bf5+ Ke8 31. Nxe7 c3 32. Qc2 Kxe7 33. Rb4 Ra8 34. e6 fxe6 35. Bh3 Kf8 36. Qh7 e5 37. Be6 c2 38. Bh4 g5 39. Qxh6+ Ke8 40. Qg6+ Kd8 41. Bxg5+ Kc7 42. Ra1 Qxb4 43. Bf5 Qd4 44. Rc1 Qd5 0-1

[Event "BL 2024-25"]
[Site "Austria"]
[Date "2024.10.10"]
[Round "2.29"]
[White "Gschnitzer, Adrian"]
[Black "Platzgummer, Fabian"]
[Result "1/2-1/2"]
[ECO "E24"]
[WhiteElo "2449"]
[BlackElo "2301"]
[Annotator "RC"]
[PlyCount "116"]
[EventDate "2024.08.28"]
[EventType "team-tourn"]
[EventCountry "AUT"]
[SourceTitle "playchess.com"]
[Source "ChessBase"]
[SourceQuality "1"]
[WhiteTeam "Fuerstenfeld-Hartberg"]
[BlackTeam "Mayrhofen-Zell-Ziller"]
[TimeControl "40/5400+30:1800+30"]

1. d4 Nf6 2. c4 e6 3. Nc3 Bb4 4. a3 Bxc3+ 5. bxc3 Nc6 6. f3 b6 7. e4 d6 8. Bg5 h6 9. Bh4 g5 10. Bf2 Nh5 11. h4 Qf6 12. g3 Qg7 13. hxg5 hxg5 14. f4 g4 15. e5 Bb7 16. Rh4 f5 17. d5 Na5 18. Qa4+ Qd7 19. Qxd7+ Kxd7 20. O-O-O dxe5 21. fxe5 Ng7 22. dxe6+ Kxe6 23. Ne2 Rxh4 24. Nf4+ Ke7 25. gxh4 Bf3 26. Re1 Ne6 27. Nd5+ Kf7 28. Bd3 c6 29. Nf6 f4 30. h5 g3 31. Bg1 Rd8 32. Bg6+ Ke7 33. h6 Bg2 34. h7 Rh8 35. Rd1 Nf8 36. Bf5 Nxc4 37. Ng8+ Ke8 38. e6 Rxh7 39. Bxh7 Nxe6 40. Be4 Bxe4 41. Nf6+ Kf7 42. Nxe4 Kg6 43. Nd6 Nxa3 44. Kd2 Nb5 45. Nxb5 cxb5 46. Ra1 Ng5 47. Bd4 Kf5 48. Rxa7 Ke4 49. Bxb6 Kf3 50. Rg7 Ne4+ 51. Kd3 Nf2+ 52. Kd4 g2 53. Kc5 Nd1 54. Kb4 Ne3 55. Kxb5 Kf2 56. c4 g1=Q 57. Rxg1 Kxg1 58. c5 Nd5 1/2-1/2

[Event "BL 2024-25"]
[Site "Austria"]
[Date "2024.10.10"]
[Round "2.30"]
[White "Schiestl, Josef"]
[Black "Freitag, Manfred"]
[Result "1/2-1/2"]
[ECO "C24"]
[WhiteElo "2071"]
[BlackElo "2340"]
[Annotator "RC"]
[PlyCount "79"]
[EventDate "2024.08.28"]
[EventType "team-tourn"]
[EventCountry "AUT"]
[SourceTitle "playchess.com"]
[Source "ChessBase"]
[SourceQuality "1"]
[WhiteTeam "Mayrhofen-Zell-Ziller"]
[BlackTeam "Fuerstenfeld-Hartberg"]
[TimeControl "40/5400+30:1800+30"]

1. e4 e5 2. Bc4 Nf6 3. d3 c6 4. Nf3 d5 5. Bb3 a5 6. a3 a4 7. Ba2 Bd6 8. Nc3 d4 9. Ne2 c5 10. O-O Nc6 11. h3 O-O 12. Ng3 Be6 13. Ng5 Bxa2 14. Rxa2 g6 15. Nf3 Qd7 16. Bg5 Qe6 17. Ra1 Kh8 18. Nh2 Ng8 19. f4 exf4 20. Bxf4 Nge7 21. Qd2 Ne5 22. Nf3 N7c6 23. Nxe5 Nxe5 24. Rae1 Ra6 25. Bh6 Rg8 26. Ne2 Nd7 27. Bf4 Be7 28. Bg5 f6 29. Bh4 Bd6 30. Bg3 Bxg3 31. Nxg3 Rb6 32. Rb1 Qe5 33. Ne2 Re8 34. Rf2 c4 35. dxc4 Nc5 36. Qxd4 Qxd4 37. Nxd4 Nxe4 38. Re2 Re5 39. Nb5 f5 40. Rd1 1/2-1/2

[Event "BL 2024-25"]
[Site "Austria"]
[Date "2024.10.10"]
[Round "2.31"]
[White "Deuer, Marius"]
[Black "Kadric, Denis"]
[Result "1/2-1/2"]
[ECO "E60"]
[WhiteElo "2477"]
[BlackElo "2558"]
[Annotator "RC"]
[PlyCount "61"]
[EventDate "2024.08.28"]
[EventType "team-tourn"]
[EventCountry "AUT"]
[SourceTitle "playchess.com"]
[Source "ChessBase"]
[SourceQuality "1"]
[WhiteTeam "Salzburg"]
[BlackTeam "Pinggau-Friedberg"]
[TimeControl "40/5400+30:1800+30"]

1. d4 d6 2. Nf3 Nf6 3. c4 g6 4. Nc3 Bg7 5. g3 Bf5 6. Bg2 Qc8 7. O-O O-O 8. Re1 a5 9. Bf4 Nc6 10. d5 Nb4 11. Nd4 Bd7 12. e4 e5 13. dxe6 fxe6 14. Ndb5 e5 15. Bg5 h6 16. Bc1 Rf7 17. a3 Na6 18. f3 Qb8 19. Be3 Ne8 20. Na4 Be6 21. Qe2 b6 22. Nbc3 Nc5 23. f4 Kh7 24. Rf1 exf4 25. gxf4 Nxa4 26. Nxa4 Nf6 27. f5 gxf5 28. exf5 Bd7 29. Nc3 Qf8 30. Bxa8 Qxa8 31. Qg2 1/2-1/2

[Event "BL 2024-25"]
[Site "Austria"]
[Date "2024.10.10"]
[Round "2.32"]
[White "Petrov, Nikita"]
[Black "Rosner, Jonas"]
[Result "1-0"]
[ECO "D45"]
[WhiteElo "2589"]
[BlackElo "2434"]
[Annotator "RC"]
[PlyCount "69"]
[EventDate "2024.08.28"]
[EventType "team-tourn"]
[EventCountry "AUT"]
[SourceTitle "playchess.com"]
[Source "ChessBase"]
[SourceQuality "1"]
[WhiteTeam "Pinggau-Friedberg"]
[BlackTeam "Salzburg"]
[TimeControl "40/5400+30:1800+30"]

1. Nf3 d5 2. e3 Nf6 3. c4 c6 4. Nc3 e6 5. d4 Nbd7 6. Be2 Bd6 7. O-O O-O 8. a4 a5 9. b3 b6 10. Bb2 Bb7 11. Qc2 Rc8 12. Rad1 Qe7 13. e4 Nxe4 14. Nxe4 dxe4 15. Qxe4 Nf6 16. Qh4 h6 17. Bd3 Bb4 18. g4 c5 19. d5 exd5 20. g5 Ne4 21. Bxg7 Nxg5 22. Qxh6 Nxf3+ 23. Kh1 f5 24. Bxf8 Qxf8 25. Rg1+ Nxg1 26. Rxg1+ Kf7 27. Qh7+ Kf6 28. Qxb7 dxc4 29. Bxc4 Rd8 30. f4 Rd4 31. Bd5 Rxf4 32. Qc6+ Ke5 33. Qe6+ Kd4 34. Rd1+ Kc3 35. Qe3+ 1-0

[Event "BL 2024-25"]
[Site "Austria"]
[Date "2024.10.10"]
[Round "2.33"]
[White "Hacker, Jonas"]
[Black "Erdos, Viktor"]
[Result "1/2-1/2"]
[ECO "C84"]
[WhiteElo "2385"]
[BlackElo "2538"]
[Annotator "RC"]
[PlyCount "63"]
[EventDate "2024.08.28"]
[EventType "team-tourn"]
[EventCountry "AUT"]
[SourceTitle "playchess.com"]
[Source "ChessBase"]
[SourceQuality "1"]
[WhiteTeam "Salzburg"]
[BlackTeam "Pinggau-Friedberg"]
[TimeControl "40/5400+30:1800+30"]

1. e4 e5 2. Nf3 Nc6 3. Bb5 a6 4. Ba4 Nf6 5. d3 d6 6. c3 Be7 7. O-O O-O 8. Re1 Re8 9. h3 Bf8 10. Nbd2 d5 11. exd5 Qxd5 12. Qe2 h6 13. Ne4 Nxe4 14. dxe4 Qd6 15. b4 Qf6 16. Bd2 Be6 17. Bb3 Rad8 18. Red1 Rd7 19. Be3 Red8 20. Rxd7 Rxd7 21. Rd1 Rxd1+ 22. Qxd1 Qg6 23. Bxe6 Qxe6 24. Qb3 Qxb3 25. axb3 f6 26. g4 b5 27. Kf1 Kf7 28. Ke2 Ke6 29. Kd3 a5 30. bxa5 Nxa5 31. Kc2 Nb7 32. Nh4 1/2-1/2

[Event "BL 2024-25"]
[Site "Austria"]
[Date "2024.10.10"]
[Round "2.34"]
[White "Sankalp Gupta"]
[Black "Goldbeck, Lars"]
[Result "1/2-1/2"]
[ECO "B11"]
[WhiteElo "2534"]
[BlackElo "2372"]
[Annotator "RC"]
[PlyCount "73"]
[EventDate "2024.08.28"]
[EventType "team-tourn"]
[EventCountry "AUT"]
[SourceTitle "playchess.com"]
[Source "ChessBase"]
[SourceQuality "1"]
[WhiteTeam "Pinggau-Friedberg"]
[BlackTeam "Salzburg"]
[TimeControl "40/5400+30:1800+30"]

1. e4 c6 2. Nf3 d5 3. Nc3 dxe4 4. Nxe4 Nf6 5. Qe2 Nxe4 6. Qxe4 Qa5 7. b3 Bf5 8. Qe3 Bxc2 9. Bb2 Bg6 10. h4 h5 11. Bc4 Nd7 12. Ng5 Nb6 13. O-O Nxc4 14. bxc4 O-O-O 15. Bc3 Qb6 16. Qf4 e5 17. Qxe5 Bc5 18. Qxg7 Bd4 19. Bxd4 Qxd4 20. Qxd4 Rxd4 21. Rfe1 Rxd2 22. Re7 Rd7 23. Rae1 Rhd8 24. f3 f6 25. Rxd7 Rxd7 26. Ne4 Rd4 27. Nxf6 Rxc4 28. g4 Rf4 29. Nxh5 Bxh5 30. gxh5 Kd7 31. Kg2 Rxh4 32. Re5 Kd6 33. Rg5 c5 34. Kg3 Rh1 35. Kg2 Rh4 36. Kg3 Rh1 37. Kg2 1/2-1/2

[Event "BL 2024-25"]
[Site "Austria"]
[Date "2024.10.10"]
[Round "2.35"]
[White "Hinterreiter, Markus"]
[Black "Ivanisevic, Ivan"]
[Result "0-1"]
[ECO "A06"]
[WhiteElo "2269"]
[BlackElo "2519"]
[Annotator "RC"]
[PlyCount "120"]
[EventDate "2024.08.28"]
[EventType "team-tourn"]
[EventCountry "AUT"]
[SourceTitle "playchess.com"]
[Source "ChessBase"]
[SourceQuality "1"]
[WhiteTeam "Salzburg"]
[BlackTeam "Pinggau-Friedberg"]
[TimeControl "40/5400+30:1800+30"]

1. Nf3 d5 2. b3 c5 3. e3 f6 4. d4 cxd4 5. exd4 Nc6 6. Bb2 Bg4 7. Nbd2 e6 8. h3 Bh5 9. Bd3 Bd6 10. O-O Nge7 11. Re1 Bf7 12. c4 O-O 13. Rc1 Ng6 14. a3 a5 15. Nb1 Qd7 16. Nc3 Nf4 17. Bf1 Rad8 18. g3 Ng6 19. cxd5 exd5 20. Nb5 Bb8 21. a4 Rfe8 22. Ba3 Be6 23. h4 Bg4 24. Bg2 Re4 25. Qd2 Bh3 26. Bh1 Qf5 27. Nh2 Rxe1+ 28. Rxe1 Nxh4 29. Qe3 h5 30. Nf3 Ng6 31. Bg2 Bxg2 32. Kxg2 Qg4 33. Qe6+ Qxe6 34. Rxe6 Kf7 35. Re1 Nge7 36. Bc5 g6 37. Kf1 Nf5 38. Bb6 Rd7 39. Rc1 g5 40. Bc5 h4 41. gxh4 g4 42. Nd2 Nxh4 43. Ke2 Ng6 44. Rh1 Nf4+ 45. Kd1 Nh3 46. Ke1 Kg6 47. Nf1 Bf4 48. Nc3 Rd8 49. Ne3 Bxe3 50. fxe3 f5 51. Bb6 Rd7 52. Kf1 f4 53. exf4 Kf5 54. Kg2 Nxf4+ 55. Kf2 Rg7 56. Rh8 g3+ 57. Kg1 Kg4 58. Rf8 Rh7 59. Bc5 Rh2 60. Rf7 Nh3+ 0-1

[Event "BL 2024-25"]
[Site "Austria"]
[Date "2024.10.10"]
[Round "2.36"]
[White "Baidetskyi, Valentin"]
[Black "Weber, Samuel"]
[Result "1-0"]
[ECO "B12"]
[WhiteElo "2505"]
[BlackElo "2256"]
[Annotator "RC"]
[PlyCount "81"]
[EventDate "2024.08.28"]
[EventType "team-tourn"]
[EventCountry "AUT"]
[SourceTitle "playchess.com"]
[Source "ChessBase"]
[SourceQuality "1"]
[WhiteTeam "Pinggau-Friedberg"]
[BlackTeam "Salzburg"]
[TimeControl "40/5400+30:1800+30"]

1. e4 c6 2. d4 d5 3. f3 e6 4. Nc3 Bb4 5. Bd2 Ne7 6. h4 Nd7 7. h5 h6 8. e5 Nf5 9. Nce2 Be7 10. Bf4 O-O 11. Qd2 c5 12. dxc5 f6 13. exf6 Bxf6 14. g4 Nh4 15. Bd6 Bxb2 16. Bxf8 Bxa1 17. Bd6 Bf6 18. Nd4 Ne5 19. Kd1 Nf7 20. Bg3 e5 21. Nb5 Be6 22. Qe1 a6 23. Nc3 Nxf3 24. Nxf3 e4 25. Nh4 Bxg4+ 26. Be2 Bxe2+ 27. Nxe2 b6 28. c6 Qe7 29. c7 Ne5 30. Qd2 Qd7 31. Bxe5 Bxe5 32. Ng6 Bxc7 33. Rf1 Rd8 34. Kc1 Qd6 35. Qc3 b5 36. Nd4 Bb6 37. Nf5 Qc7 38. Nge7+ Kf7 39. Nxg7+ Kxe7 40. Qf6+ Kd7 41. Qe6# 1-0